 Dungeon Crawl Stone Soup version 0.29-a0-323-g050149af67 (webtiles) character file.

Game seed: 6799511519956017558

2 spaghetti the Caller (level 1, 0/15 HPs)
             Began as a Naga Summoner on Apr 11, 2022.
             Slain by a hobgoblin (1 damage)
             ... on level 1 of the Dungeon.
             The game lasted 00:00:25 (123 turns).

spaghetti the Caller (Naga Summoner)                 Turns: 123, Time: 00:00:26

Health: 0/15       AC:  1    Str: 10    XL:     1   Next: 30%
Magic:  3/3        EV:  9    Int: 15    God:
Gold:   21         SH:  0    Dex: 11    Spells: 3/4 levels left

rFire   . . .      SeeInvis +   (no weapon)
rCold   . . .      Faith    .   (no shield)
rNeg    . . .      Spirit   .   a - +0 robe
rPois   +          Reflect  .   (no helmet)
rElec   .          Harm     .   (no cloak)
rCorr   .          Rampage  .   (no gloves)
Will    .....                   (no barding)
Stlth   ++........              (no amulet)
HPRegen 0.05/turn               (no ring)
MPRegen 0.08/turn               (no ring)

@: short of breath, very slow
A: AC +0, large, see invisible, deformed body, poison resistance, slowness 2,
spit poison 1, naga tail 1
a: Spit Poison


You were on level 1 of the Dungeon.
You visited 1 branch of the dungeon, and saw 1 of its levels.

You collected 21 gold pieces.


Innate Abilities, Weirdness & Mutations

Your serpentine skin is tough. (AC +0)
You have supernaturally acute eyesight. (SInv)
Armour fits poorly on your strangely shaped body.
Your system is resistant to poisons. (rPois)
You cover ground very slowly.
You can spit poison.
You have a snake-like lower body.


   Skills:
 - Level 1.5 Dodging
 - Level 3.0 Stealth
 - Level 2.0 Spellcasting
 + Level 4.1 Summonings


You had 3 spell levels left.
You knew the following spells:

 Your Spells              Type           Power      Damage    Failure   Level
a - Summon Small Mammal   Summ           52%        N/A       4%          1

Your spell library contained the following spells:

 Spells                   Type           Power      Damage    Failure   Level
 Call Imp                 Summ           13%        N/A       6%          2
 Call Canine Familiar     Summ           13%        N/A       12%         3
 Magic Dart               Conj           4%         1d3       22%         1
 Summon Guardian Golem    Hex/Summ       7%         N/A       28%         3
 Searing Ray              Conj           2%         2d4       32%         2
 Summon Lightning Spire   Summ/Air       7%         N/A       67%         4
 Fulminant Prism          Conj/Hex       0%         3d6       91%         4

Inventory:

Hand Weapons
 c - a +0 dagger {short}
   (You took it off a goblin on level 1 of the Dungeon)
Armour
 a - a +0 robe (worn)
Scrolls
 d - 3 scrolls of blinking {unknown}

Dungeon Overview and Level Annotations

Branches:
Dungeon (1/15)

Altars:

.## ##...# ..##
##...##...
...###########[...#...
....##.....##....##..
......#####......#..
#.....## ##.....##.#
#......###......#b.#
##......#......##Jr#
#.............#@gw#
.................#......
#.####..#.######## .###.
#. ##.......# .. #
#...ยง...# (. ##......#
.. #......# . #......#
#......#


You could see a dart slug (poisoned), an endoplasm (ally target), a hobgoblin
(ally target), a friendly bat (summoned) and a friendly rat (summoned).


Message History

Your mp is fully restored (3).
Your rat disappears in a puff of smoke!
d - 3 scrolls labelled SEOCUB JIRGHEEMM You now have 21 gold pieces (gained 15).
You see here a +0 plate armour.
A hobgoblin comes into view.
Casting: Summon Small Mammal (safe; 4% risk of failure)
Confirm with . or Enter, or press ? or * to list all spells.
The hobgoblin shouts! ๐Ÿ˜Ž MP[-1]
You lost 1 mp, and now have 2/3 mp.
Casting: Summon Small Mammal (safe; 4% risk of failure)
Confirm with . or Enter, or press ? or * to list all spells.
๐Ÿ˜Ž MP[-1]
You lost 1 mp, and now have 1/3 mp.
What are your orders? t - Shout!
Orders for allies: a - Attack new target. r - Retreat! s - Stop attacking. g - Guard the area. f - Follow me.
Anything else - Cancel.
Gang up on whom?
Press: ? - help, Dir - move target, f - hobgoblin
Aim: a hobgoblin (ally target) Attack!
The hobgoblin hits your rat.
Your rat closely misses the hobgoblin.
Your rat bites the hobgoblin but does no damage.
The hobgoblin misses your rat.
An endoplasm comes into view.
Your rat barely misses the hobgoblin.
Your rat bites the hobgoblin but does no damage.
The hobgoblin barely misses your rat.
Your rat barely misses the hobgoblin. x2
The hobgoblin hits your rat.
Your rat dies!
Your rat's corpse disappears in a puff of smoke!
Your rat closely misses the hobgoblin.
Your rat bites the hobgoblin.
The hobgoblin hits you.
A dart slug comes into view.
Your rat bites the hobgoblin. ๐Ÿ˜• HP[-2]
You take 2 damage, and now have 13/15 hp.
The hobgoblin hits you.
The endoplasm jiggles.
Your rat bites the hobgoblin but does no damage. ๐Ÿ˜ฎ HP[-4]
You take 4 damage, and now have 9/15 hp.
MASSIVE DAMAGE!! (PAUSE)
Casting: Summon Small Mammal (safe; 4% risk of failure)
Press: ? - help, Q - select action, (/) - cycle Dir - look around, f - activate The hobgoblin barely misses you.
The endoplasm freezes you.
You are frozen.
Your rat closely misses the hobgoblin. ๐Ÿ˜ฎ HP[-1] MP[-1]
You take 1 damage, and now have 8/15 hp.
You lost 1 mp, and now have 0/3 mp.
Really attack while wielding nothing? [Y]es or [N]o only, please.
Really attack while wielding nothing?
Okay, then.
Really attack while wielding nothing?
You hit the hobgoblin but do no damage.
Your bat hits the endoplasm but does no damage.
Your bat hits the endoplasm. The hobgoblin hits you.
* * * LOW HITPOINT WARNING * * *
The endoplasm hits you but does no damage.
Your rat misses the hobgoblin. ๐Ÿ˜จ HP[-1]
You take 1 damage, and now have 7/15 hp.
Aiming: Spit Poison (3% risk of failure)
Press: ? - help, Shift-Dir - straight line, f - dart slug
Aim: a dart slug (100% to hit)
The splash of poison misses the hobgoblin.
The splash of poison hits the dart slug.
The dart slug is poisoned.
Your bat hits the endoplasm but does no damage. x2
The hobgoblin closely misses you. The endoplasm freezes you.
You are frozen.
* * * LOW HITPOINT WARNING * * *
Your rat barely misses the hobgoblin.
Your bat hits the endoplasm. ๐Ÿ˜จ HP[-3]
You take 3 damage, and now have 4/15 hp.
Unknown command.
Magic courses through your body. The hobgoblin hits you.
* * * LOW HITPOINT WARNING * * *
The endoplasm freezes you.
You are frozen.
* * * LOW HITPOINT WARNING * * *
Your rat bites the hobgoblin but does no damage.
Your bat hits the endoplasm but does no damage. ๐Ÿ˜ฑ HP[-3] MP[+3]
You take 3 damage, and now have 1/15 hp.
Your mp is fully restored (3).
Unknown command.
Unknown command.
You aren't carrying any potions.
You hit the hobgoblin but do no damage.
Your bat hits the endoplasm but does no damage. x2
The hobgoblin hits you.
You die...

Action                   || total
-------------------------++-------
Melee: Unarmed           ||     4
 Cast: Summon Small Mamm ||     7
 Abil: Spit Poison       ||     1
  Use: Potion            ||     1
Armor: Robe              ||     2
Dodge: Dodged            ||     4

Levels and vault maps discovered:
D:1:      minmay_arrival_pointy, layout_basic,
          shapermc_ecumenical_altar_mp_urbaneastern

Notes
Turn   | Place    | Note
-------+----------+-------------------------------------------
     0 | D:1      | spaghetti the Naga Summoner began the quest for the Orb.
     0 | D:1      | Reached XP level 1. HP: 15/15 MP: 3/3
     0 | D:1      | magus.rc [v1.9.6]
    73 | D:1      | You pick up a book of Conjurations {@e2} and begin
                  | reading...
    73 | D:1      | You add the spells Magic Dart, Searing Ray and Fulminant
                  | Prism to your library.
   122 | D:1      | HP: 2/15 [hobgoblin (2)]
   123 | D:1      | Slain by a hobgoblin

Vanquished Creatures
  A goblin (D:1)
  A rat (D:1)
2 creatures vanquished.

Table legend:
 A = Non-vault XP
 B = Vault XP
 C = Vault XP percentage of total XP
 D = Non-vault monster count
 E = Vault monster count
 F = Vault count percentage of total count
                 A         B        C        D         E       F
            +---------+---------+-------+---------+---------+-------
      Total |       3 |       0 |   0.0 |       2 |       0 |   0.0
            +---------+---------+-------+---------+---------+-------
        D:1 |       3 |       0 |   0.0 |       2 |       0 |   0.0
            +---------+---------+-------+---------+---------+-------

Illustrated notes

Table legend:
 A = Kills in this place as a percentage of kills in entire the game.
 B = Kills by you in this place as a percentage of kills by you in the entire game.
 C = Kills by friends in this place as a percentage of kills by friends in the entire game.
 D = Other kills in this place as a percentage of other kills in the entire game.
 E = Experience gained in this place as a percentage of experience gained in the entire game.
 F = Experience gained in this place divided by the number of levels of this place that you have seen.
                   A       B       C       D       E      F
               +-------+-------+-------+-------+-------+----------------------
         Total | 100.0 | 100.0 |   N/A |   N/A | 100.0 |   3.0
       Dungeon | 100.0 | 100.0 |   N/A |   N/A | 100.0 |   3.0
               +-------+-------+-------+-------+-------+----------------------

Table legend: (Time is in decaauts)
 A = Elapsed time spent in this place.
 B = Non-inter-level travel time spent in this place.
 C = Inter-level travel time spent in this place.
 D = Time resting spent in this place.
 E = Time spent auto-exploring this place.
 F = Levels seen in this place.
 G = Mean time per level.
                   A        B        C        D        E       F      G
               +--------+--------+--------+--------+--------+-----+--------+
         Total |    146 |    146 |      0 |      0 |    109 |   1 |  146.0 |
       Dungeon |    146 |    146 |      0 |      0 |    109 |   1 |  146.0 |
               +--------+--------+--------+--------+--------+-----+--------+

Top non-repeatable levels by time:
     D:1: 146 daAuts
